TOP OF THE 1ST |
Milton Bills batting - Pitching for Hialeah Dodos : LHP Tony Hernández
|
Pitching: LHP Tony Hernández
|
|
Batting: LHB Mike Casey
|
0-0: Ball 1-0: Swinging Strike 1-1: Called Strike 1-2: Ball 2-2: Strikes out swinging
|
Batting: RHB Kyle Dempsey
|
0-0: Ball 1-0: Ball 2-0: Ball 3-0: Called Strike 3-1: Base on Balls
|
Batting: RHB Ed Patterson
|
0-0: Called Strike 0-1: Swinging Strike 0-2: SINGLE (Groundball, 4M) Kyle Dempsey to second
|
Batting: RHB Pedro Sánchez
|
0-0: Called Strike 0-1: Foul Ball, location: 2F 0-2: Ball 1-2: Ball 2-2: Strikes out swinging
|
Batting: LHB Vincente Bruno
|
0-0: Ball 1-0: Called Strike 1-1: Fielders Choice at 2nd, U4 (Groundball, 4M)
|
Top of the 1st over - 0 run(s), 1 hit(s), 0 error(s), 2 left on base; Milton 0 - Hialeah 0 |
BOTTOM OF THE 1ST |
Hialeah Dodos batting - Pitching for Milton Bills : LHP Matthew Watts
|
Pitching: LHP Matthew Watts
|
|
Batting: RHB José Bravo
|
0-0: Ball 1-0: Called Strike 1-1: Ball 2-1: SINGLE (Groundball, 6MD)
|
Batting: RHB Javier Garza
|
0-0: Ball 1-0: Foul Ball, location: 2F 1-1: Ball 2-1: SINGLE (Flyball, 89S) José Bravo to second Runner from 2nd tries for 3rd, SAFE, throw made to third Javier Garza to second
|
Batting: RHB Al Murphy
|
0-0: Ground out 5-3 (Groundball, 5)
|
Batting: RHB Jorge Emiliani
|
0-0: Foul Ball, location: 2F 0-1: SINGLE (Line Drive, 78S) José Bravo scores Javier Garza to third Runner from 3rd tries for Home, SAFE, throw made home
|
Batting: LHB José Alvia
|
0-0: Ball 1-0: Called Strike 1-1: Ball 2-1: Ball 3-1: Base on Balls Jorge Emiliani to second
|
Batting: RHB Owen Cunningham
|
0-0: Called Strike 0-1: SINGLE (Line Drive, 7S) Jorge Emiliani to third José Alvia to second
|
Batting: RHB Héctor Camacho
|
0-0: Called Strike 0-1: Foul Ball, location: 2F 0-2: Ball 1-2: Ball 2-2: Strikes out swinging
|
Batting: RHB Ed Lee
|
0-0: Ball 1-0: Ball 2-0: Called Strike 2-1: Ball 3-1: Foul Ball, location: 2F 3-2: Strikes out looking
|
Bottom of the 1st over - 2 run(s), 4 hit(s), 0 error(s), 3 left on base; Milton 0 - Hialeah 2 |
TOP OF THE 2ND |
Milton Bills batting - Pitching for Hialeah Dodos : LHP Tony Hernández
|
Batting: RHB Bartolo Liñares
|
0-0: SINGLE (Groundball, 5D)
|
Batting: LHB David Hunt
|
0-0: Ball 1-0: Swinging Strike 1-1: Foul Ball, location: 2F 1-2: Ball Wild Pitch! Bartolo Liñares to second 2-2: Foul Ball, location: 2F 2-2: Fly out, F5 (Line Drive, 5)
|
Batting: RHB Chandler Bailey
|
0-0: Ball 1-0: Called Strike 1-1: Swinging Strike 1-2: SINGLE (Groundball, 34) Bartolo Liñares to third Runner from 3rd tries for Home, SAFE, throw made home Chandler Bailey to second
|
Batting: RHB Don Thomas
|
0-0: Swinging Strike 0-1: Ball 1-1: Ball 2-1: Ball 3-1: Swinging Strike 3-2: Foul Ball, location: 2F 3-2: Foul Ball, location: 2F 3-2: DOUBLE (Flyball, 89M) Chandler Bailey scores
|
Batting: LHB Mike Casey
|
0-0: Ball 1-0: Called Strike 1-1: Swinging Strike 1-2: Reached on error, E1 (Groundball, 15S) Don Thomas to third
|
Batting: RHB Kyle Dempsey
|
0-0: Called Strike 0-1: Ball 1-1: Ball 2-1: Ball 3-1: Foul Ball, location: 2F 3-2: Ground out 3-1 (Groundball, 34) Don Thomas scores Mike Casey to second
|
Batting: RHB Ed Patterson
|
0-0: Ball 1-0: Ball 2-0: Foul Ball, location: 2F 2-1: Foul Ball, location: 2F 2-2: Ball 3-2: Foul Ball, location: 2F 3-2: Strikes out swinging
|
Top of the 2nd over - 3 run(s), 3 hit(s), 1 error(s), 1 left on base; Milton 3 - Hialeah 2 |
BOTTOM OF THE 2ND |
Hialeah Dodos batting - Pitching for Milton Bills : LHP Matthew Watts
|
Batting: RHB Álex Escobar
|
0-0: Called Strike 0-1: Foul Ball, location: 2F 0-2: Foul Ball, location: 2F 0-2: Ball 1-2: Foul Ball, location: 2F 1-2: Ball 2-2: Ball 3-2: Base on Balls
|
Batting: RHB José Bravo
|
0-0: Ball 1-0: Ball 2-0: 2-RUN HOME RUN (Flyball, 7D), Distance : 386 ft
|
Batting: RHB Javier Garza
|
0-0: Ball 1-0: Ball 2-0: Fly out, F6 (Popup, 56)
|
Batting: RHB Al Murphy
|
0-0: Ball 1-0: Ball 2-0: Fly out, F2 (Popup, 2RF)
|
Batting: RHB Jorge Emiliani
|
0-0: Called Strike 0-1: Ball 1-1: SINGLE (Groundball, 34D)
|
Batting: LHB José Alvia
|
0-0: Ball 1-0: Swinging Strike 1-1: Called Strike 1-2: Strikes out swinging
|
Bottom of the 2nd over - 2 run(s), 2 hit(s), 0 error(s), 1 left on base; Milton 3 - Hialeah 4 |
TOP OF THE 3RD |
Milton Bills batting - Pitching for Hialeah Dodos : LHP Tony Hernández
|
Batting: RHB Pedro Sánchez
|
0-0: Fly out, F9 (Flyball, 9M)
|
Batting: LHB Vincente Bruno
|
0-0: Ball 1-0: DOUBLE (Line Drive, 9D)
|
Batting: RHB Bartolo Liñares
|
0-0: Foul Ball, location: 2F 0-1: Ball 1-1: Ball 2-1: Foul Ball, location: 2F 2-2: Foul Ball, location: 2F 2-2: Foul Ball, location: 2F 2-2: Foul Ball, location: 2F 2-2: Ground out 5-3 (Groundball, 5S) Vincente Bruno to third
|
Batting: LHB David Hunt
|
0-0: Ball 1-0: Called Strike 1-1: Ground out 4-3 (Groundball, 4)
|
Top of the 3rd over - 0 run(s), 1 hit(s), 0 error(s), 1 left on base; Milton 3 - Hialeah 4 |
BOTTOM OF THE 3RD |
Hialeah Dodos batting - Pitching for Milton Bills : LHP Matthew Watts
|
Batting: RHB Owen Cunningham
|
0-0: Ball 1-0: Swinging Strike 1-1: Ball 2-1: Called Strike 2-2: Ground out 6-3 (Groundball, 56)
|
Batting: RHB Héctor Camacho
|
0-0: Swinging Strike 0-1: Ball 1-1: Ball 2-1: Ball 3-1: Base on Balls
|
Batting: RHB Ed Lee
|
0-0: Ball 1-0: DOUBLE (Line Drive, 7LS) Héctor Camacho to third
|
Batting: RHB Álex Escobar
|
0-0: Ball 1-0: Ball 2-0: 3-RUN HOME RUN (Flyball, 7D), Distance : 372 ft
|
Pitching: RHP Bill Muñóz
|
|
Batting: RHB José Bravo
|
0-0: Ball 1-0: Called Strike 1-1: Ball 2-1: Foul Ball, location: 2F 2-2: SINGLE (Popup, 9S)
|
Batting: RHB Javier Garza
|
0-0: Foul Ball, location: 2F 0-1: Ball 1-1: Ball 2-1: Fly out, F5 (Line Drive, 5)
|
Batting: RHB Al Murphy
|
Pickoff Throw to First - Out!
|
Bottom of the 3rd over - 3 run(s), 3 hit(s), 0 error(s), 0 left on base; Milton 3 - Hialeah 7 |
TOP OF THE 4TH |
Milton Bills batting - Pitching for Hialeah Dodos : LHP Tony Hernández
|
Batting: RHB Chandler Bailey
|
0-0: Ball 1-0: SOLO HOME RUN (Flyball, 78XD), Distance : 419 ft
|
Batting: RHB Don Thomas
|
0-0: Called Strike 0-1: Ball 1-1: Ground out 6-3 (Groundball, 6)
|
Batting: LHB Mike Casey
|
0-0: Ball 1-0: Called Strike 1-1: Swinging Strike 1-2: SINGLE (Groundball, 6M)
|
Batting: RHB Kyle Dempsey
|
0-0: Foul Ball, location: 2F 0-1: Ball 1-1: Foul Ball, location: 2F 1-2: SINGLE (Groundball, 56D) Mike Casey to second
|
Batting: RHB Ed Patterson
|
0-0: Foul Ball, location: 2F 0-1: Grounds into double play, 1-4-3 (Groundball, 25)
|
Top of the 4th over - 1 run(s), 3 hit(s), 0 error(s), 1 left on base; Milton 4 - Hialeah 7 |
BOTTOM OF THE 4TH |
Hialeah Dodos batting - Pitching for Milton Bills : RHP Bill Muñóz
|
Batting: RHB Al Murphy
|
0-0: Called Strike 0-1: DOUBLE (Groundball, 5L)
|
Batting: RHB Jorge Emiliani
|
0-0: Ball 1-0: Swinging Strike 1-1: Ball 2-1: Ground out 4-3 (Groundball, 34) Al Murphy to third
|
Batting: LHB José Alvia
|
0-0: Called Strike 0-1: Ball 1-1: Fly out, F7 (Flyball, 78M) Runner from 3rd tags up, SCORES, throw made
|
Batting: RHB Owen Cunningham
|
0-0: Ball 1-0: Ball 2-0: Called Strike 2-1: Called Strike 2-2: Ball 3-2: Fly out, F1 (Line Drive, 13)
|
Bottom of the 4th over - 1 run(s), 1 hit(s), 0 error(s), 0 left on base; Milton 4 - Hialeah 8 |
TOP OF THE 5TH |
Milton Bills batting - Pitching for Hialeah Dodos : LHP Tony Hernández
|
Batting: RHB Pedro Sánchez
|
0-0: Ball 1-0: Foul Ball, location: 2F 1-1: SINGLE (Groundball, 5D)
|
Batting: LHB Vincente Bruno
|
0-0: Ball Pickoff Throw to First - Out! 1-0: Foul Ball, location: 2F 1-1: Swinging Strike 1-2: Strikes out swinging
|
Batting: RHB Bartolo Liñares
|
0-0: Called Strike 0-1: Foul Ball, location: 2F 0-2: Strikes out swinging
|
Top of the 5th over - 0 run(s), 1 hit(s), 0 error(s), 0 left on base; Milton 4 - Hialeah 8 |
BOTTOM OF THE 5TH |
Hialeah Dodos batting - Pitching for Milton Bills : RHP Bill Muñóz
|
Batting: RHB Héctor Camacho
|
0-0: Called Strike 0-1: Ball Single, Error in OF, E8, batter to second base
|
Batting: RHB Ed Lee
|
0-0: Fly out, F8 (Flyball, 8LD) Runner from 2nd tags up, SAFE at 3rd, no throw
|
Batting: RHB Álex Escobar
|
0-0: Called Strike 0-1: Ball 1-1: Swinging Strike 1-2: Ball 2-2: Ground out 6-3 (Groundball, 6M) Héctor Camacho scores
|
Batting: RHB José Bravo
|
0-0: Ball 1-0: Swinging Strike 1-1: Swinging Strike 1-2: Foul Ball, location: 2F 1-2: SINGLE (Line Drive, 89S)
|
Batting: RHB Javier Garza
|
0-0: Ball 1-0: Fly out, F9 (Flyball, 89S)
|
Bottom of the 5th over - 1 run(s), 2 hit(s), 1 error(s), 1 left on base; Milton 4 - Hialeah 9 |
TOP OF THE 6TH |
Milton Bills batting - Pitching for Hialeah Dodos : LHP Tony Hernández
|
Batting: LHB David Hunt
|
0-0: Ball 1-0: Ball 2-0: Swinging Strike 2-1: Ball 3-1: Foul Ball, location: 2F 3-2: Strikes out swinging
|
Batting: RHB Chandler Bailey
|
0-0: Called Strike 0-1: Fly out, F4 (Popup, 3)
|
Batting: RHB Don Thomas
|
0-0: Called Strike 0-1: Ball 1-1: Ball 2-1: Swinging Strike 2-2: Ball 3-2: Strikes out swinging
|
Top of the 6th over - 0 run(s), 0 hit(s), 0 error(s), 0 left on base; Milton 4 - Hialeah 9 |
BOTTOM OF THE 6TH |
Hialeah Dodos batting - Pitching for Milton Bills : RHP Bill Muñóz
|
Pitching: RHP Luis Hernández
|
|
Batting: RHB Al Murphy
|
0-0: Ball 1-0: Ball 2-0: Called Strike 2-1: Swinging Strike 2-2: Ground out 4-3 (Groundball, 4)
|
Batting: RHB Jorge Emiliani
|
0-0: Foul Ball, location: 2F 0-1: Fly out, F7 (Line Drive, 78S)
|
Batting: LHB José Alvia
|
0-0: Ball 1-0: SINGLE (Groundball, 25) (infield hit)
|
Batting: RHB Owen Cunningham
|
0-0: Ball 1-0: Called Strike Passed Ball! José Alvia to second 1-1: Foul Ball, location: 2F 1-2: SINGLE (Line Drive, 5D) José Alvia to third Runner from 3rd tries for Home, SAFE, throw made home Owen Cunningham to second
|
Batting: RHB Héctor Camacho
|
0-0: Ball 1-0: Called Strike 1-1: Foul Ball, location: 2F 1-2: Ground out 4-3 (Groundball, 4)
|
Bottom of the 6th over - 1 run(s), 2 hit(s), 0 error(s), 1 left on base; Milton 4 - Hialeah 10 |
TOP OF THE 7TH |
Milton Bills batting - Pitching for Hialeah Dodos : LHP Tony Hernández
|
Batting: LHB Mike Casey
|
0-0: Called Strike 0-1: Foul Ball, location: 2F 0-2: Strikes out looking
|
Batting: RHB Kyle Dempsey
|
0-0: Ball 1-0: Swinging Strike 1-1: Ground out U3 (Groundball, 3S)
|
Batting: RHB Ed Patterson
|
0-0: Swinging Strike 0-1: Swinging Strike 0-2: Foul Ball, location: 2F 0-2: Ball 1-2: Strikes out swinging
|
Top of the 7th over - 0 run(s), 0 hit(s), 0 error(s), 0 left on base; Milton 4 - Hialeah 10 |
BOTTOM OF THE 7TH |
Hialeah Dodos batting - Pitching for Milton Bills : RHP Luis Hernández
|
Batting: RHB Ed Lee
|
0-0: Ball 1-0: Called Strike 1-1: Ball 2-1: SINGLE (Flyball, 7S)
|
Batting: RHB Álex Escobar
|
0-0: Called Strike 0-1: Ball 1-1: Ball 2-1: Fly out, F7 (Flyball, 78M)
|
Batting: RHB José Bravo
|
0-0: Ball 1-0: Called Strike 1-1: Foul Ball, location: 2F 1-2: Ball 2-2: Foul Ball, location: 2F 2-2: Foul Ball, location: 2F 2-2: Ball 3-2: SINGLE (Groundball, 13) (infield hit) Ed Lee to second
|
Batting: RHB Javier Garza
|
0-0: Called Strike 0-1: DOUBLE (Line Drive, 9LS) Ed Lee scores José Bravo to third
|
Pitching: RHP Jim Unknown
|
|
Batting: RHB Al Murphy
|
0-0: Ball 1-0: Called Strike 1-1: Foul Ball, location: 2F 1-2: Ball 2-2: Foul Ball, location: 2F 2-2: Strikes out looking
|
Batting: RHB Jorge Emiliani
|
0-0: Foul Ball, location: 2F 0-1: Ball 1-1: Ball 2-1: Fly out, F7 (Flyball, 78XD)
|
Bottom of the 7th over - 1 run(s), 3 hit(s), 0 error(s), 2 left on base; Milton 4 - Hialeah 11 |
TOP OF THE 8TH |
Milton Bills batting - Pitching for Hialeah Dodos : LHP Tony Hernández
|
Pitching: RHP Kevin Fields
|
|
Batting: RHB Pedro Sánchez
|
0-0: Called Strike 0-1: Foul Ball, location: 2F 0-2: Ball 1-2: Foul Ball, location: 2F 1-2: Ball 2-2: Strikes out swinging
|
Batting: LHB Vincente Bruno
|
0-0: SINGLE (Line Drive, 56D)
|
Batting: RHB Bartolo Liñares
|
0-0: Called Strike 0-1: Foul Ball, location: 2F 0-2: SINGLE (Groundball, 6M) Vincente Bruno to second
|
Batting: LHB David Hunt
|
0-0: Fly out, F9 (Flyball, 9M)
|
Batting: RHB Chandler Bailey
|
0-0: Swinging Strike 0-1: Called Strike 0-2: SINGLE (Line Drive, 6MD) Vincente Bruno to third Bartolo Liñares to second Runner from 3rd tries for Home, SAFE, throw made home
|
Batting: RHB Don Thomas
|
0-0: SINGLE (Groundball, 5L) Bartolo Liñares to third Chandler Bailey to second Runner from 3rd tries for Home, SAFE, no throw or cutoff
|
Pitching: LHP Sergio Rey
|
|
Batting: LHB Mike Casey
|
0-0: Ball 1-0: Foul Ball, location: 2F 1-1: Foul Ball, location: 2F 1-2: Fly out, F9 (Flyball, 89S)
|
Top of the 8th over - 2 run(s), 4 hit(s), 0 error(s), 2 left on base; Milton 6 - Hialeah 11 |
BOTTOM OF THE 8TH |
Hialeah Dodos batting - Pitching for Milton Bills : RHP Jim Unknown
|
Batting: LHB José Alvia
|
0-0: Called Strike 0-1: Ball 1-1: Foul Ball, location: 2F 1-2: Strikes out swinging
|
Batting: RHB Owen Cunningham
|
0-0: Called Strike 0-1: Foul Ball, location: 2F 0-2: Ball 1-2: Strikes out looking
|
Batting: RHB Héctor Camacho
|
0-0: Ball 1-0: Foul Ball, location: 2F 1-1: Ball 2-1: SOLO HOME RUN (Flyball, 7D), Distance : 369 ft
|
Batting: RHB Ed Lee
|
0-0: Ball 1-0: Foul Ball, location: 2F 1-1: SOLO HOME RUN (Line Drive, 7LD), Distance : 348 ft
|
Batting: RHB Álex Escobar
|
0-0: Ball 1-0: Ball 2-0: Ball 3-0: Called Strike 3-1: Swinging Strike 3-2: Base on Balls
|
Batting: RHB José Bravo
|
0-0: Called Strike 0-1: Foul Ball, location: 2F 0-2: Ball Wild Pitch! Álex Escobar to second 1-2: Strikes out looking
|
Bottom of the 8th over - 2 run(s), 2 hit(s), 0 error(s), 1 left on base; Milton 6 - Hialeah 13 |
TOP OF THE 9TH |
Milton Bills batting - Pitching for Hialeah Dodos : LHP Sergio Rey
|
Batting: RHB Kyle Dempsey
|
0-0: Ball 1-0: Ball 2-0: Called Strike 2-1: Foul Ball, location: 2F 2-2: Ball 3-2: Strikes out swinging
|
Batting: RHB Ed Patterson
|
0-0: Ball 1-0: Swinging Strike 1-1: Swinging Strike 1-2: Ball 2-2: Strikes out swinging
|
Batting: RHB Pedro Sánchez
|
0-0: Called Strike 0-1: Ball 1-1: Ball 2-1: Ball 3-1: Foul Ball, location: 2F 3-2: Foul Ball, location: 2F 3-2: Foul Ball, location: 2F 3-2: Strikes out swinging
|
Top of the 9th over - 0 run(s), 0 hit(s), 0 error(s), 0 left on base; Milton 6 - Hialeah 13 |
|